 Dungeon Crawl Stone Soup version 0.20.1-1-g8b1a95d (webtiles) character file.

633 Irenicus the Carver (level 7, -1/46 HPs)
             Began as an Octopode Chaos Knight on Oct 13, 2017.
             Slain by a gnoll
             ... wielding a +0 spear
              (5 damage)
             ... on level 4 of the Dungeon.
             The game lasted 00:08:44 (2891 turns).

Irenicus the Carver (Octopode Chaos Knight)         Turns: 2891, Time: 00:08:46

Health: -1/46      AC:  1    Str: 12    XL:     7   Next: 49%
Magic:  7/7        EV: 13    Int: 14    God:    Xom [.*....]
Gold:   231        SH:  0    Dex: 13    Spells: 6/6 levels left

rFire    . . .     SeeInvis .   a - +0 falchion (chaos)
rCold    . . .     Gourm    .   (no shield)
rNeg     . . .     Faith    .   (helmet restricted)
rPois    +         Spirit   .   (no amulet)
rElec    .         Reflect  .   q - ring of poison resistance
rCorr    .         Harm     .   (no ring)
MR       .....                  (no ring)
Stlth    ++........             (no ring)
Regen    0.2/turn               (no ring)
MPRegen  0.1/turn               (no ring)
                                (no ring)
                                (no ring)

@: no status effects
A: almost no armour, stealthy swim, amphibious, 8 rings, constrict 8, camouflage
1, gelatinous body 1, subdued magic 1
a: Renounce Religion


You were on level 4 of the Dungeon.
You worshipped Xom.
You were a plaything of Xom.
You were very hungry.

You visited 1 branch of the dungeon, and saw 4 of its levels.

You collected 231 gold pieces.

Inventory:

Hand Weapons
 a - a +0 falchion of chaos (weapon)
Jewellery
 q - a ring of poison resistance (left tentacle)
Wands
 n - a wand of digging (7/24)
 o - a wand of lightning (8/15)
Scrolls
 d - a scroll of enchant weapon {unknown}
 h - 2 scrolls of remove curse {unknown}
 l - a scroll of teleportation {unknown}
 m - a scroll of identify {unknown}
Potions
 e - 2 potions of brilliance {unknown}
 g - 6 potions of curing
 i - a potion of experience {unknown}
 j - a potion of resistance {unknown}
 p - a potion of heal wounds {unknown}
 r - a potion of magic {unknown}
 s - a potion of haste {unknown}
Comestibles
 b - 2 bread rations
 c - a royal jelly
 f - 3 meat rations
 k - 2 fruits


   Skills:
 - Level 3.0 Fighting
 + Level 8.5 Long Blades
 - Level 2.3 Dodging


You had 6 spell levels left.
You didn't know any spells.

Dungeon Overview and Level Annotations

Branches:
Dungeon (4/15)             Temple (0/1) D:4

Altars:
Elyvilon
Fedhas
Sif Muna


Innate Abilities, Weirdness & Mutations

You cannot wear most types of armour.
You are very stealthy in the water. (Stealth+)
You are amphibious.
You can wear up to eight rings at the same time.
You can use your tentacles to constrict eight enemies at once.
Your skin changes colour to match your surroundings (Stealth+).
Your rubbery body absorbs attacks. (AC +1, EV +1)
Your spells are a little easier to cast, but a little less powerful.


Message History

You constrict the gnoll. The gnoll hits you.
You hit the gnoll.
The gnoll flickers and vanishes!
Deactivating autopickup; reactivate with Ctrl-A.
You squeeze something.
Reactivating autopickup.
You feel a bit more experienced.
The gnoll hits you from afar with a spear!
* * * LOW HITPOINT WARNING * * *
The gnoll hits you with a spear.
* * * LOW HITPOINT WARNING * * *
You see here a gnoll corpse.
You barely miss the gnoll. Your grab misses the gnoll.
Your squeeze misses the gnoll. You closely miss the gnoll.
Your grab misses the gnoll. "This might be better!"
The gnoll flickers and vanishes!
Deactivating autopickup; reactivate with Ctrl-A.
Something hits you.
You die... "This toy is broken."

### ######.# #......# #.####.#
##################.# #.#
[..................####+##
################@........########
......[........'{........'......#
################.........######.#
###...........#.....#.#
#......########.###.#.# #......#
#....#.# #.#.# #......# #....#.#
#.#.. ###†######....#.###.#..
#................<...


There were no monsters in sight!

Vanquished Creatures
  A swamp drake (D:4)
  A phantom (D:4)
  A howler monkey (D:4)
  A centaur zombie (D:4)
  An orc priest (D:4)
  A hound (D:4)
  Natasha (thrice) (D:3)
  2 gnolls (D:4)
  5 adders
  2 oozes (D:2)
  An adder skeleton (D:3)
  A worm (D:3)
  3 dart slugs
  4 leopard geckos
  3 orcs (D:4)
  A ball python (D:4)
  9 bats
  2 giant cockroaches
  11 goblins
  3 hobgoblins
  3 quokkas
  7 frilled lizards
  5 kobolds
  A quokka skeleton (D:4)
  6 rats
78 creatures vanquished.

Vanquished Creatures (collateral kills)
  Terence (D:3)
  Robin (D:3)
  3 goblins (D:3)
  3 hobgoblins (D:3)
8 creatures vanquished.

Vanquished Creatures (others)
  The ghost of Irenicus the Slasher, an amateur OpCK of Xom (D:3)
1 creature vanquished.

Grand Total: 87 creatures vanquished

Notes
Turn   | Place    | Note
-------+----------+-------------------------------------------
     0 | D:1      | Irenicus the Octopode Chaos Knight began the quest for the Orb.
     0 | D:1      | Reached XP level 1. HP: 16/16 MP: 1/1
    38 | D:1      | XOM: divination: detect items
   154 | D:1      | Reached XP level 2. HP: 20/21 MP: 2/2
   396 | D:1      | XOM is BORED!
   396 | D:1      | XOM: harmless Air miscast
   417 | D:1      | XOM: harmless Fire miscast
   423 | D:1      | XOM: divination: magic mapping
   459 | D:1      | XOM: harmless Ice miscast
   526 | D:1      | Reached skill level 4 in Long Blades
   545 | D:1      | Reached XP level 3. HP: 21/26 MP: 3/3
   960 | D:2      | XOM: god gift: 25 stones
  1011 | D:2      | Found a blossoming altar of Fedhas.
  1127 | D:2      | Found a deep blue altar of Sif Muna.
  1156 | D:3      | Noticed Natasha
  1161 | D:3      | Killed Natasha
  1161 | D:3      | Reached skill level 5 in Long Blades
  1161 | D:3      | Reached XP level 4. HP: 23/31 MP: 4/4
  1185 | D:3      | Noticed Irenicus's ghost (amateur OpCK)
  1197 | D:3      | Noticed Terence
  1202 | D:3      | Noticed Robin
  1218 | D:3      | Killed Terence
  1221 | D:3      | Killed Robin
  1274 | D:3      | XOM: cast spell 'Call Canine Familiar'
  1291 | D:2      | XOM: swap monsters
  1295 | D:2      | Reached XP level 5. HP: 11/36 MP: 5/5
  1424 | D:2      | XOM: cloud trail
  1432 | D:3      | XOM: divination: magic mapping
  1458 | D:3      | XOM: cast spell 'Necromutation'
  1466 | D:3      | XOM: fog
  1470 | D:3      | Banished Irenicus's ghost
  1470 | D:3      | Reached skill level 6 in Long Blades
  1518 | D:3      | XOM: scenery: 1 doors open
  1622 | D:3      | Noticed Natasha
  1628 | D:3      | XOM: summons 4 friendly demons
  1629 | D:3      | Killed Natasha
  1629 | D:3      | Reached XP level 6. HP: 21/42 MP: 6/6
  1747 | D:3      | Noticed Natasha
  1760 | D:3      | Killed Natasha
  1783 | D:3      | XOM: divination: magic mapping
  1863 | D:3      | XOM: summons 2 hostile shadow creatures
  1897 | D:4      | Found a white marble altar of Elyvilon.
  1897 | D:4      | XOM: 1-stop teleportation journey
  1900 | D:4      | Reached skill level 7 in Long Blades
  1908 | D:4      | Noticed a phantom
  1933 | D:4      | XOM: summons 2 hostile demons
  1937 | D:4      | XOM: repel stairs
  1950 | D:4      | XOM: 1-stop teleportation journey
  1953 | D:4      | XOM: enchant monster (bad)
  1969 | D:4      | XOM: polymorph hound -> iguana
  2214 | D:4      | Noticed a swamp drake
  2214 | D:4      | an iguana changed into a swamp drake
  2214 | D:4      | XOM: polymorph iguana -> swamp drake
  2215 | D:4      | XOM: repel stairs
  2230 | D:4      | Killed a swamp drake
  2230 | D:4      | Reached XP level 7. HP: 30/46 MP: 7/7
  2523 | D:3      | XOM: give mutation
  2523 | D:3      | Gained mutation: Your spells are a little easier to cast, but a little less powerful. [Xom's mischief]
  2527 | D:4      | Found a staircase to the Ecumenical Temple.
  2552 | D:4      | Reached skill level 8 in Long Blades
  2718 | D:4      | XOM: medium Chrm miscast
  2762 | D:4      | XOM: blink monster(s)
  2775 | D:4      | XOM: smoke on damage
  2891 | D:4      | XOM: enchant monster (bad)
  2891 | D:4      | Slain by a gnoll

Skill      XL: |  1  2  3  4  5  6  7 |
---------------+----------------------+-----
Long Blades    | 4 5 6 7 8 |  8.5
Fighting       | |  3.0
Dodging        | |  2.3

Action                   |  1- 3 |  4- 6 |  7- 9 || total
-------------------------+-------+-------+-------++-------
Melee: Falchion          |    54 |   105 |    52 ||   211
       Constrict         |    18 |    28 |     5 ||    51
       Tentacles         |     9 |    16 |    13 ||    38
  Use: Potion            |       |     2 |       ||     2
 Stab: Sleeping          |     5 |     2 |       ||     7
       Distracted        |     1 |       |     1 ||     2
  Eat: Chunk             |       |     4 |     1 ||     5
Armor: Skin              |     2 |    21 |     1 ||    24
Dodge: Dodged            |    41 |    53 |    16 ||   110
       Rpst.: Falchion   |    12 |    17 |     7 ||    36
